AoeStats
← MagicRobin3573

Arabia

504403357Analyzed
1v1 RM · 27d ago on Sep 5, 2026· 33m 57s· 2 players
Game mode
Random Map
Map size
Tiny (2 player)
Population
200
Speed
Normal
Resources
Standard
Victory
Conquest
Starting age
Dark Age
Ending age
Imperial Age
RankedLock teamsTeams togetherTeam positionsShared explorationLock speedFull tech treeHidden civsTurbo modeCheats
Victory
Defeat
🇺🇸 Malay · United States
1600
+20
🇺🇸 Chinese · United States
1691
-20
MagicRobin3573
9:17 Feudal Age
8:35 Loom
8:35 Man-at-Arms
9:13 Loom
9:36 Arson
18:36 Fletching
23:24 Castle Age
21:38 Double-Bit Axe
21:36 Horse Collar
22:26 Gold Mining
23:04 Bodkin Arrow
23:03 Elite Skirmisher
24:34 Padded Archer Armor
26:15 Town Watch
26:44 Bow Saw
26:43 Heavy Plow
28:09 Ballistics
28:21 Crossbowman
31:15 Thumb Ring
32:13 Wheelbarrow
32:35 Leather Archer Armor
勇敢小能能
0:26 Loom
8:19 Feudal Age
8:52 Double-Bit Axe
19:02 Castle Age
17:37 Wheelbarrow
17:54 Fletching
19:06 Padded Archer Armor
19:09 Crossbowman
23:24 Bodkin Arrow
26:27 Horse Collar
32:53 Wheelbarrow
32:03 Town Watch
32:29 Bow Saw
Connection lost

Rejoining the realm…

Still unreachable

The connection could not be restored.

Session expired

The server has moved on; the page needs a fresh start.